 Dungeon Crawl Stone Soup version 0.18.1-50-g88ac8fd (console) character file.

198969 Kloppie the Severer (level 18, 0/258 HPs)
             Began as a Hill Orc Berserker on Sept 16, 2016.
             Was the Champion of Trog.
             Slain by a naga mage
             ... wielding a +0 spear
              (1 damage)
             ... on level 4 of the Snake Pit.
             The game lasted 01:04:18 (32685 turns).

Kloppie the Severer (Hill Orc Berserker)           Turns: 32685, Time: 01:04:18

Health: 0/258      AC: 36    Str: 30    XL:     18   Next: 46%
Magic:  18/18      EV: 12    Int:  7    God:    Trog [******]
Gold:   1817       SH: 19    Dex: 16    Spells: 0 memorised, 17 levels left

rFire  + . .     SeeInvis .     a - +3 broad axe (chop)
rCold  + + .     Gourm    .     J - +6 plate armour of the Abyss {rPois}
rNeg   . . .     Faith    .     p - +2 shield
rPois  +         Spirit   .     L - +1 helmet
rElec  .         Dismiss  .     Q - +2 cloak
rCorr  .         Reflect  +     r - +2 pair of gloves {Str+3}
SustAt .         Harm     .     C - +1 pair of boots
MR     +++..                    H - +2 amulet of reflection
Stlth  ..........               D - ring of protection from cold
                                w - ring of protection from fire

@: berserking, lethally poisoned (0 -> -6), regenerating, slowed, constricted,
extremely resistant to hostile enchantments, extremely unstealthy
A: claws 1, blink, cold resistance 1
a: Blink, Berserk, Trog's Hand, Brothers in Arms, Burn Spellbooks, Renounce
Religion
}: 1/15 runes: decaying


You were on level 4 of the Snake Pit.
You worshipped Trog.
Trog was exalted by your worship.
You were not hungry.

You visited 5 branches of the dungeon, and saw 33 of its levels.
You also visited: Volcano.

You collected 2972 gold pieces.
You spent 1155 gold pieces at shops.

Inventory:

Hand Weapons
 a - a +3 broad axe of chopping (weapon)
 b - a +1 hand axe of flaming
Armour
 p - a +2 shield (worn)
 r - a +2 pair of gloves of strength (worn)
 C - a +1 pair of boots (worn)
 J - the +6 plate armour of the Abyss (worn) {rPois}
   (You bought it in a shop on level 10 of the Dungeon)

   It protects you from poison.
 L - a +1 helmet (worn)
 P - a +2 large shield
 Q - a +2 cloak (worn)
Jewellery
 f - an uncursed ring of flight
 n - an uncursed ring of poison resistance
 w - a ring of protection from fire (left hand)
 D - a ring of protection from cold (right hand)
 H - a +2 amulet of reflection (around neck)
Wands
 j - a wand of disintegration (6/24)
 B - a wand of paralysis (16/24)
 R - a wand of disintegration (11/24)
Scrolls
 h - 5 scrolls of magic mapping
 i - 6 scrolls of enchant weapon
 m - a scroll of fear
 q - 4 scrolls of blinking
 s - 2 scrolls of fog
 t - 10 scrolls of teleportation
 u - 4 scrolls of enchant armour
 x - 8 scrolls of remove curse
 y - 12 scrolls of identify
 G - a scroll of holy word
Potions
 d - 9 potions of agility
 e - 4 potions of invisibility
 g - 13 potions of heal wounds
 k - 13 potions of curing
 l - 5 potions of flight
 o - 3 potions of cancellation
 v - a potion of haste
 z - 3 potions of resistance
 E - 6 potions of might
 F - 2 potions of brilliance
Books
 A - a book of the Sky

   Spells                             Type                      Level
   a - Summon Lightning Spire         Summoning/Air                4
   b - Airstrike                      Air                          4
   c - Silence                        Hexes/Air                    5
   d - Deflect Missiles               Charms/Air                   6
   e - Conjure Ball Lightning         Conjuration/Air              6
   f - Tornado                        Air                          9
   Trog disapproves of the use of such an item.
Comestibles
 c - 19 bread rations
 I - 8 slices of pizza
 K - 3 beef jerkies
 M - 2 royal jellies
 N - 54 fruits
 O - a meat ration
 S - 2 chunks of flesh


   Skills:
 + Level 18.3 Fighting
 - Level 18.9 Axes
 - Level 16.2 Armour
 - Level 11.1 Dodging
 + Level 15.4 Shields


You had 17 spell levels left.
You didn't know any spells.

Dungeon Overview and Level Annotations

Branches:
Dungeon (15/15)            Temple (0/1) D:4            Lair (8/8) D:8
  Swamp (4/4) Lair:5        Snake (4/4) Lair:6        Slime (0/6) Lair:8
    Orc (2/2) D:10            Elf (0/3) Orc:2        Vaults (0/5) D:14
 Depths (0/5) D:15

Altars:
Cheibriados
Dithmenos
Elyvilon
Fedhas
Makhleb
Nemelex Xobeh
Sif Muna
Trog
Vehumet
Yredelemnul
Beogh
Jiyva

Shops:
D:6 !   D:8 !   D:10 ?(*%}   Orc:2 ::((

Annotations:
Lair:6 exclusion: oklob plant


Innate Abilities, Weirdness & Mutations

You have sharp fingernails.
You can translocate small distances at will.
Your flesh is cold resistant.


Message History

The naga sharpshooter spits poison at you.
The splash of poison reflects off an invisible shield around you!
The splash of poison hits the naga sharpshooter.
The greater naga closely misses you.
The naga sharpshooter casts a spell.
The naga sharpshooter magically shoots an arrow.
You reflect the arrow off an invisible shield around you!
The naga mage hits you from afar with a spear.
* * * LOW HITPOINT WARNING * * *
You slice the greater naga!!
You kill the greater naga!
Trog accepts your kill.
Trog appreciates your killing of a magic user.
You hit the greater naga.
The greater naga is heavily wounded.
* * * LOW HITPOINT WARNING * * *
You feel sick. You block the greater naga's attack. x2
The greater naga constricts you.
The naga mage hits you from afar with a spear.
You die... .....
NNN # SNS # ..
SNS .. ... ##N## ... (...##N.N##.... ..NNNNNNN.S.... #NNNSN#

###@### #)# ### ###'### ###
####.#######.....#######.###
###......##..........(##.....####
#.......#..........(....#.......#
.......#.................#.......
.......#.........[.......#.......
......#........[..........#......


You could see a naga warrior, 7 greater nagas, 4 naga sharpshooters, 6 guardian
serpents, 6 naga magi and a naga.

Vanquished Creatures
  Vashnia (Snake:2)
  Asterion (Snake:2)
  3 thorn hunters
  6 greater nagas (Snake:4)
  Roxanne (Swamp:4)
  Aizul (Snake:2)
  The ghost of blejac99 the Peltast, a journeyman FoFi of the Shining One (Snake:1)
  Maud (D:12)
  An orc warlord (Orc:2)
  The ghost of SexyTroll44 the Blocker, a journeyman GrFi of the Shining One (Snake:1)
  Azrael (Orc:2)
  Snorg (D:12)
  An ogre mage (D:15)
  4 fire dragons
  12 naga warriors
  18 hydras
  2 centaur warriors
  10 anacondas
  7 orc high priests
  4 alligators (Swamp:1)
  4 naga sharpshooters
  5 shock serpents
  Sonja (D:12)
  A fire crab (Swamp:4)
  2 skeletal warriors (D:15)
  A salamander mystic (Snake:3)
  A swamp dragon (shapeshifter) (D:14)
  3 unseen horrors
  A flayed ghost (D:15)
  8 swamp dragons
  6 naga ritualists
  3 hill giants
  2 necromancers
  2 lindwurms
  5 orc knights
  6 orc sorcerers (Orc:2)
  A wolf spider zombie (D:14)
  7 mana vipers
  4 griffons
  A deep elf mage (D:14)
  4 cyclopes
  5 ugly things
  2 manticores
  A spriggan zombie (D:15)
  36 black mambas
  6 salamanders
  Maurice (D:8)
  5 torpor snails (Lair:8)
  6 elephants (Lair:7)
  11 guardian serpents
  8 naga magi
  12 spiny frogs
  2 gargoyles (Volcano)
  5 rime drakes
  An efreet (Volcano)
  A freezing wraith (D:15)
  8 komodo dragons
  7 trolls
  A troll (shapeshifter) (D:14)
  6 giant leeches
  5 two-headed ogres
  12 slime creatures
  4 bog bodies
  A polar bear (Lair:4)
  20 blink frogs
  A fire dragon zombie (D:15)
  Sigmund (D:5)
  A deep troll zombie (D:15)
  A centaur simulacrum (D:14)
  A shadow (D:13)
  A wyvern (Lair:4)
  A redback (shapeshifter) (D:14)
  48 yaks
  6 fire elementals
  3 wraiths
  An elf zombie (D:15)
  3 basilisks
  The ghost of Gargoyl the Covered, an amateur DsAK of Lugonu (D:4)
  A hungry ghost (D:13)
  11 vampire mosquitoes
  5 mottled dragons
  11 hippogriffs
  4 steam dragons
  12 insubstantial wisps
  10 swamp worms
  8 wargs
  48 nagas
  4 hell hounds (Orc:2)
  8 porcupines
  12 water moccasins
  3 ice beasts
  7 swamp drakes
  A sky beast (D:10)
  38 orc warriors
  A black bear (Lair:2)
  19 ogres
  9 necrophages
  9 wasps
  A phantom (D:6)
  9 wolves
  15 centaurs
  14 crocodiles
  A giant frog (shapeshifter) (D:14)
  6 big kobolds
  26 giant frogs
  5 gnoll sergeants
  A wyvern skeleton (D:9)
  3 scorpions
  3 wights (D:6)
  2 electric eels (Lair:2)
  3 howler monkeys
  5 crimson imps
  2 quasits (D:12)
  3 centaur zombies
  5 giant frog skeletons
  41 orc priests
  7 hounds
  10 jellies
  3 centaur skeletons
  14 iguanas
  35 orc wizards
  10 worker ants
  7 hell rats (Lair:8)
  2 yak simulacra (Lair:3)
  4 polar bear simulacra (Lair:3)
  2 wolf simulacra (Lair:3)
  8 sheep
  2 hound zombies
  A hound skeleton (D:8)
  A howler monkey skeleton (D:10)
  22 gnolls
  75 river rats
  13 adders
  4 shadow imps
  An adder skeleton (D:3)
  An adder zombie (D:5)
  23 worms
  4 dart slugs
  6 giant geckos
  142 orcs
  4 bats
  8 giant cockroaches
  9 goblins
  4 hobgoblins
  16 jackals
  37 kobolds
  8 quokkas
  A ball python (D:2)
  A giant gecko skeleton (D:5)
  5 giant newts
  A quokka skeleton (D:5)
  A quokka zombie (D:4)
  11 rats
  3 river rat simulacra (Lair:3)
  11 briar patches
  A butterfly (D:4)
  10 fungi
  11 plants
1285 creatures vanquished.

Vanquished Creatures (collateral kills)
  2 greater nagas (Snake:4)
  Harold (Lair:2)
  3 naga sharpshooters
  A black mamba (Snake:4)
  2 guardian serpents (Snake:4)
  A boulder beetle (Lair:7)
  5 nagas (Snake:4)
  A water moccasin (Lair:2)
  A porcupine (Lair:2)
17 creatures vanquished.

Vanquished Creatures (others)
  A greater naga (Snake:4)
  A centaur warrior (D:14)
  2 naga sharpshooters
  An unseen horror (D:14)
  A lindwurm (Swamp:4)
  A cyclops (D:14)
  A guardian serpent (Snake:4)
  A spiny frog (Swamp:4)
  A vampire mosquito (Swamp:4)
  A steam dragon (Swamp:4)
  4 swamp drakes (Swamp:4)
  4 centaurs
  2 briar patches (Swamp:1)
  A fire vortex (Swamp:4)
  10 fungi
  3 plants
35 creatures vanquished.

Grand Total: 1337 creatures vanquished

Notes
Turn   | Place    | Note
--------------------------------------------------------------
     0 | D:1      | Kloppie the Hill Orc Berserker began the quest for the Orb.
     0 | D:1      | Reached XP level 1. HP: 19/19 MP: 1/1
   177 | D:1      | Reached XP level 2. HP: 5/27 MP: 2/2
   751 | D:1      | Reached XP level 3. HP: 29/33 MP: 3/3
   944 | D:1      | Reached ** piety under Trog
   961 | D:1      | Reached skill level 5 in Axes
  1135 | D:2      | Reached XP level 4. HP: 40/40 MP: 4/4
  1385 | D:3      | Reached XP level 5. HP: 46/46 MP: 5/5
  1847 | D:3      | Reached *** piety under Trog
  1898 | D:3      | Reached XP level 6. HP: 52/52 MP: 6/6
  2250 | D:3      | Reached skill level 5 in Armour
  2798 | D:4      | Reached XP level 7. HP: 52/59 MP: 7/7
  2989 | D:4      | Found a staircase to the Ecumenical Temple.
  3006 | D:4      | Noticed Gargoyl's ghost (amateur DsAK)
  3018 | D:4      | Killed Gargoyl's ghost
  3174 | D:4      | Found a white marble altar of Elyvilon.
  3487 | D:5      | Entered Level 5 of the Dungeon
  3524 | D:5      | Noticed Sigmund
  3552 | D:5      | Killed Sigmund
  3552 | D:5      | Reached XP level 8. HP: 62/66 MP: 8/8
  3632 | D:5      | Reached skill level 10 in Axes
  3665 | D:5      | Reached **** piety under Trog
  4307 | D:5      | Reached skill level 1 in Shields
  4710 | D:6      | Found a snail-covered altar of Cheibriados.
  4724 | D:6      | Found Juow's Distillery.
  4734 | D:6      | Reached XP level 9. HP: 71/71 MP: 9/9
  4778 | D:6      | Bought a potion of might for 52 gold pieces
  5002 | D:6      | Reached ***** piety under Trog
  5096 | D:6      | Found a burning altar of Makhleb.
  5708 | D:7      | Received a gift from Trog
  5719 | D:7      | Reached skill level 5 in Shields
  5756 | D:7      | Found a blossoming altar of Fedhas.
  5813 | D:7      | Got a warped ring mail
  5824 | D:7      | Identified the +5 ring mail of Pathos {Int+4 Dex+4} (You found it on level 7 of the Dungeon)
  6353 | D:8      | Reached XP level 10. HP: 63/77 MP: 10/10
  6377 | D:8      | Found a staircase to the Lair.
  6429 | D:8      | Noticed Maurice
  6472 | D:8      | Killed Maurice
  6551 | D:8      | Found a bloodstained altar of Trog.
  6553 | D:8      | Found a deep blue altar of Sif Muna.
  6775 | D:8      | Found Uwiyle's Distillery.
  6819 | D:9      | Found a basalt altar of Yredelemnul.
  6831 | D:9      | Found a shadowy altar of Dithmenos.
  7644 | D:9      | Found a radiant altar of Vehumet.
  7841 | D:9      | Noticed a three-headed hydra
  7845 | D:9      | Killed a one-headed hydra
  8105 | Lair:1   | Entered Level 1 of the Lair of Beasts
  8314 | Lair:1   | Reached XP level 11. HP: 51/83 MP: 11/11
  8340 | Lair:1   | Reached skill level 15 in Axes
  8347 | Lair:1   | Reached skill level 10 in Shields
  8474 | Lair:1   | Noticed an eight-headed hydra
  8483 | Lair:1   | Killed a three-headed hydra
  9122 | Lair:1   | Received a gift from Trog
 10005 | Lair:2   | Reached skill level 5 in Fighting
 10727 | Lair:2   | Noticed Harold
 10738 | Lair:2   | Killed Harold
 10739 | Lair:2   | Reached XP level 12. HP: 88/97 MP: 12/12
 11618 | Lair:3   | Received a gift from Trog
 13736 | Lair:4   | Noticed a four-headed hydra
 13745 | Lair:4   | Killed a one-headed hydra
 13745 | Lair:4   | Reached skill level 10 in Fighting
 14202 | Lair:5   | Found a staircase to the Swamp.
 14732 | Lair:5   | Reached XP level 13. HP: 85/114 MP: 13/13
 14740 | Lair:5   | Received a gift from Trog
 14993 | Lair:6   | Found a staircase to the Snake Pit.
 15017 | Lair:6   | Found a dark tunnel.
 15025 | Volcano  | Entered a volcano
 15623 | Lair:6   | Received a gift from Trog
 16550 | Lair:7   | Reached skill level 15 in Shields
 16885 | Lair:7   | Received a gift from Trog
 17268 | D:10     | Entered Level 10 of the Dungeon
 17368 | D:10     | Found Yschub's Magic Scroll Shoppe.
 17373 | D:10     | Bought a scroll of identify for 30 gold pieces
 17373 | D:10     | Bought a scroll of identify for 30 gold pieces
 17373 | D:10     | Bought a scroll of identify for 30 gold pieces
 17504 | D:10     | Found Waovyoni's Gadget Shoppe.
 17545 | D:10     | Found Dioweime's Food Shop.
 17668 | D:10     | Found Riuxtiyr's Weapon Shoppe.
 17670 | D:10     | Found Tiwofe's Assorted Antiques.
 17686 | D:10     | Bought a faintly glowing plate armour for 504 gold pieces
 17686 | D:10     | Bought a scroll labeled NAYDAE HEPNA for 18 gold pieces
 17686 | D:10     | Bought a scroll of identify for 36 gold pieces
 17686 | D:10     | Identified the +6 plate armour of the Abyss {rPois} (You bought it in a shop on level 10 of the Dungeon)
 17793 | D:10     | Reached XP level 14. HP: 117/128 MP: 14/14
 17857 | D:10     | Found a staircase to the Orcish Mines.
 17882 | D:10     | Received a gift from Trog
 18069 | Orc:1    | Entered Level 1 of the Orcish Mines
 18069 | Orc:1    | Found a burning altar of Makhleb.
 18253 | Orc:1    | Found a bloodstained altar of Trog.
 18311 | Orc:1    | Gained mutation: Potions and wands are less effective at restoring your health. [a neqoxec]
 18718 | Orc:2    | Entered Level 2 of the Orcish Mines
 18734 | Orc:2    | Noticed Azrael
 18747 | Orc:2    | Killed Azrael
 18747 | Orc:2    | Reached skill level 10 in Armour
 18943 | Orc:2    | Received a gift from Trog
 19163 | Orc:2    | Found a staircase to the Elven Halls.
 19354 | Orc:2    | Noticed an orc warlord
 19391 | Orc:2    | Killed an orc warlord
 19395 | Orc:2    | Found Zonaucuwk's Weapon Shoppe.
 19719 | Orc:2    | Found a roughly hewn altar of Beogh.
 19762 | Orc:2    | Found Rouget's Antique Weapon Emporium.
 19905 | Orc:2    | Received a gift from Trog
 20096 | Orc:2    | Found a roughly hewn altar of Beogh.
 20232 | Orc:2    | Found Hegoik's Book Emporium.
 20254 | Orc:2    | Found Niasmyr's Book Shoppe.
 20291 | Orc:2    | Reached skill level 5 in Dodging
 20770 | D:10     | Gained mutation: You are occasionally teleported next to monsters. [potion of mutation]
 20770 | D:10     | Gained mutation: You are partially covered in slimy green scales (AC +2). [potion of mutation]
 20770 | D:10     | Gained mutation: You tend to lose your temper in combat. [potion of mutation]
 20771 | D:10     | Gained mutation: You expend magic power (3 MP) to strengthen your wands. [potion of mutation]
 20771 | D:10     | Gained mutation: You are partially covered in molten scales (AC +1). [potion of mutation]
 20772 | D:10     | Gained mutation: You often lose your temper in combat. [potion of mutation]
 20772 | D:10     | Gained mutation: You have sharp toenails. [potion of mutation]
 20773 | D:10     | Lost mutation: You are occasionally teleported next to monsters. [potion of cure mutation]
 20773 | D:10     | Lost mutation: You are partially covered in molten scales (AC +1). [potion of cure mutation]
 20773 | D:10     | Lost mutation: You have sharp toenails. [potion of cure mutation]
 20773 | D:10     | Lost mutation: You expend magic power (3 MP) to strengthen your wands. [potion of cure mutation]
 20773 | D:10     | Lost mutation: You often lose your temper in combat. [potion of cure mutation]
 20862 | D:6      | Bought a potion of beneficial mutation for 455 gold pieces
 20862 | D:6      | Gained mutation: You can translocate small distances at will. [potion of beneficial mutation]
 21057 | Lair:8   | Entered Level 8 of the Lair of Beasts
 21291 | Lair:8   | Found a viscous altar of Jiyva.
 21291 | Lair:8   | Found a staircase to the Slime Pits.
 21563 | Lair:8   | Reached XP level 15. HP: 135/135 MP: 15/15
 21610 | Lair:8   | Found a runed door.
 21656 | Lair:8   | Reached ****** piety under Trog
 21705 | Lair:8   | Received a gift from Trog
 22436 | D:11     | Received a gift from Trog
 22437 | D:11     | Got a crude war axe {god gift}
 22443 | D:11     | Identified the +7 war axe "Ilaonood" {venom, *Rage rPois rC+} (Trog gifted it to you on level 11 of the Dungeon)
 23070 | D:12     | Noticed Sonja
 23083 | D:12     | Killed Sonja
 23145 | D:12     | Noticed Snorg
 23159 | D:12     | Killed Snorg
 23181 | D:12     | Lost mutation: Potions and wands are less effective at restoring your health. [mutagenic meat]
 23182 | D:12     | Gained mutation: Your magical capacity is low (-10% MP). [mutagenic meat]
 23183 | D:12     | Gained mutation: You are partially covered in icy blue scales (AC +1). [mutagenic meat]
 23222 | D:12     | Noticed Maud
 23240 | D:12     | Killed Maud
 23996 | D:13     | Gained mutation: Your flesh is cold resistant. [mutagenic meat]
 24384 | D:14     | Found a deep blue altar of Sif Muna.
 24409 | D:15     | Entered Level 15 of the Dungeon
 24409 | D:15     | Found a staircase to the Depths.
 24444 | D:15     | Received a gift from Trog
 25040 | D:14     | Reached XP level 16. HP: 140/143 MP: 14/14
 25104 | D:14     | Gained mutation: You have sharp toenails. [mutagenic meat]
 25105 | D:14     | Gained mutation: Your magical capacity is very low (-20% MP). [mutagenic meat]
 25313 | D:14     | Found a gate to the Vaults.
 25770 | Swamp:1  | Entered Level 1 of the Swamp
 25841 | Swamp:1  | Noticed a thorn hunter
 25853 | Swamp:1  | Killed a thorn hunter
 26457 | Swamp:2  | Reached skill level 10 in Dodging
 26517 | Swamp:3  | Noticed a thorn hunter
 26536 | Swamp:3  | Killed a thorn hunter
 26576 | Swamp:4  | Entered Level 4 of the Swamp
 26645 | Swamp:4  | Noticed Roxanne
 26662 | Swamp:4  | Killed Roxanne
 26668 | Swamp:4  | Identified Roxanne's Volume of Changing (You took it off Roxanne on level 4 of the Swamp)
 26670 | Swamp:4  | Gained mutation: You have sharp fingernails. [potion of beneficial mutation]
 26862 | Swamp:4  | Received a gift from Trog
 27150 | Swamp:4  | Noticed a thorn hunter
 27166 | Swamp:4  | Killed a thorn hunter
 27418 | Swamp:4  | Got a decaying rune of Zot
 27685 | Snake:1  | Entered Level 1 of the Snake Pit
 27694 | Snake:1  | Lost mutation: You tend to lose your temper in combat. [potion of cure mutation]
 27694 | Snake:1  | Lost mutation: You have sharp toenails. [potion of cure mutation]
 27694 | Snake:1  | Lost mutation: Your magical capacity is very low (-20% MP). [potion of cure mutation]
 27694 | Snake:1  | Lost mutation: Your magical capacity is low (-10% MP). [potion of cure mutation]
 27694 | Snake:1  | Lost mutation: You are partially covered in slimy green scales (AC +2). [potion of cure mutation]
 27694 | Snake:1  | Lost mutation: You are partially covered in icy blue scales (AC +1). [potion of cure mutation]
 27799 | Snake:1  | Reached skill level 15 in Fighting
 27840 | Snake:1  | Noticed SexyTroll44's ghost (journeyman GrFi)
 27859 | Snake:1  | Noticed blejac99's ghost (journeyman FoFi)
 27873 | Snake:1  | Killed SexyTroll44's ghost
 27873 | Snake:1  | Reached XP level 17. HP: 115/156 MP: 17/17
 27882 | Snake:1  | Killed blejac99's ghost
 28892 | Snake:2  | Noticed Asterion
 28927 | Snake:2  | Killed Asterion
 28927 | Snake:2  | Received a gift from Trog
 29336 | Snake:2  | Noticed Vashnia
 29349 | Snake:2  | Killed Vashnia
 29488 | Snake:2  | Noticed Aizul
 29508 | Snake:2  | Killed Aizul
 30248 | Snake:2  | Reached skill level 15 in Armour
 30270 | Snake:2  | Found a sparkling altar of Nemelex Xobeh.
 31392 | Snake:3  | Received a gift from Trog
 31404 | Snake:3  | Reached XP level 18. HP: 166/170 MP: 18/18
 31627 | Snake:4  | Entered Level 4 of the Snake Pit
 32551 | Snake:4  | Received a gift from Trog
 32682 | Snake:4  | HP: 8/258 [naga sharpshooter/bolt (14)]
 32684 | Snake:4  | HP: 2/258 [naga mage/spear (2)]
 32685 | Snake:4  | Slain by a naga mage

Skill      XL: |  1  2  3  4  5  6  7  8  9 10 11 12 13 14 15 16 17 18 |
---------------+-------------------------------------------------------+-----
Fighting       | 4 6 10 13 15 17 18 | 18.3
Axes           | 5 6 7 9 10 12 14 16 18 | 18.9
Armour         | 3 4 5 7 8 9 10 12 13 15 16 | 16.2
Shields        | 2 6 9 12 13 15 | 15.4
Dodging        | 5 9 11 | 11.1

Action                   |  1- 3 |  4- 6 |  7- 9 | 10-12 | 13-15 | 16-18 || total
-------------------------+-------+-------+-------+-------+-------+-------++-------
Melee: Hand axe          |   114 |   236 |   419 |    18 |    29 |   146 ||   962
       War axe           |       |       |   151 |   921 |   296 |       ||  1368
       Broad axe         |       |       |       |       |  1230 |  1021 ||  2251
Invok: Berserk           |     1 |     4 |     6 |     5 |     8 |     4 ||    28
       Trog's Hand       |       |     1 |     2 |     9 |    10 |    10 ||    32
       Brothers in Arms  |       |       |       |     1 |       |     2 ||     3
Evoke: Wand              |       |       |       |     1 |       |       ||     1
  Use: Scroll            |       |     5 |     5 |    16 |    11 |     2 ||    39
       Potion            |       |       |       |     1 |     7 |     2 ||    10
 Stab: Sleeping          |     1 |       |       |       |       |       ||     1
       Distracted        |       |       |       |     1 |     1 |     1 ||     3
       Confused          |       |       |       |       |     1 |       ||     1
  Eat: Chunk             |     2 |    10 |    12 |    30 |    43 |    19 ||   116
       Meat ration       |       |       |     1 |       |     2 |     4 ||     7
       Pizza             |       |       |     1 |       |       |       ||     1
       Royal jelly       |       |       |       |     2 |     1 |     1 ||     4
Armor: Animal skin       |    10 |       |       |       |       |       ||    10
       Plate armour      |    47 |   133 |   245 |       |   417 |   435 ||  1277
       Ring mail         |       |       |    13 |   179 |    18 |       ||   210
       Chain mail        |       |       |       |       |   113 |       ||   113
Dodge: Dodged            |    48 |    67 |   105 |   188 |   295 |   386 ||  1089
Block: Shield            |       |       |   163 |   483 |  1076 |   970 ||  2692
       Reflection        |       |       |       |       |    49 |    74 ||   123
